[Event "Early-Titled-Tuesday-Blitz-January-30-2024"]
[Site "Chess.com"]
[Date "2024.01.30"]
[Round "11"]
[White "tolia123"]
[Black "ImportedItalianMaple"]
[Result "0-1"]
[WhiteElo "2200"]
[BlackElo "2469"]
[TimeControl "180+1"]
[EndTime "10:13:20 PST"]
[Termination "ImportedItalianMaple won by checkmate"]

1. d4 g6 2. e4 Bg7 3. Nc3 d5 4. exd5 Nf6 5. Bc4 Nbd7 6. Nf3 Nb6 7. Bb5+ Bd7 8. Bxd7+ Qxd7 9. Ne5 Qd6 10. Nb5 Qd8 11. c4 O-O 12. O-O Nfd7 13. Nxd7 Qxd7 14. Qd3 c6 15. dxc6 bxc6 16. Nc3 Qxd4 17. Qxd4 Bxd4 18.
Ne2 Bf6 19. Rb1 Nxc4 20. b3 Nd6 21. Ba3 Nb5 22. Bc5 Rfd8 23. Rfd1 Rd5 24. a4 Rxc5 25. axb5 Rxb5 26. Rd7 Rab8 27. Rxa7 Rxb3 28. Rxb3 Rxb3 29.
g3 Rb2 30. Nf4 Kg7 31. Rc7 Rc2 32. Nd5 Rxf2 33. Kxf2 cxd5 34. Rd7 e6 35. Ke3 g5 36. Rb7 h5 37. Rd7 Kg6 38. Rb7 Bg7 39. Re7 Be5 40. Re8 Kf5 41. Rh8 h4 42. Rf8 hxg3 43. hxg3 f6 44.
Kf3 g4+ 45. Kf2 d4 46. Rd8 Ke4 47. Re8 Kd5 48. Rd8+ Bd6 49. Ke2 f5 50. Kd3 e5 51.
Rf8 e4+ 52. Kd2 Ke6 53. Rg8 Bxg3 54. Rg6+ Ke5 55. Rg8 Bf4+ 56. Ke2 d3+ 57. Kd1 e3 58. Re8+ Kd4 59. Rd8+ Ke4 60. Re8+ Be5 61. Re7 f4 62. Rf7 f3 63. Ke1 g3 64. Rh7 g2 65. Rh4+ Bf4 66.
Rxf4+ Kxf4 67. Kd1 g1=R# 0-1

[Event "Early-Titled-Tuesday-Blitz-January-30-2024"]
[Site "Chess.com"]
[Date "2024.01.30"]
[Round "11"]
[White "ChessQueen"]
[Black "crazy_but_lazy"]
[Result "0-1"]
[WhiteElo "2722"]
[BlackElo "2619"]
[TimeControl "180+1"]
[EndTime "10:13:26 PST"]
[Termination "crazy_but_lazy won by resignation"]

1. d4 d5 2. Nf3 Nf6 3. c4 c6 4. cxd5 cxd5 5. Nc3 Nc6 6. Bf4 a6 7. e3 Bg4 8. h3 Bxf3 9. Qxf3 e6 10. Bd3 Bd6 11. Bg5 O-O 12. O-O Be7 13. Rac1 Rc8 14. Bb1 Ne8 15. Bxe7 Qxe7 16. Na4 Nd6 17. b3 Rc7 18.
Qe2 g6 19. Rc5 b5 20. Nb2 Rfc8 21. Rfc1 Nb8 22. a4 Nb7 23. Rxc7 Rxc7 24. Qd2 bxa4 25. Nxa4 Qd6 26. Bd3 a5 27. g3 Nd7 28. Kg2 Kg7 29. h4 h5 30. Qb2 Nb6 31. Nc5 Nd7 32. Nxb7 Rxb7 33. Ra1 Qb6 34. Bc2 Nf6 35. Qc3 Rc7 36. Qd2 Ng4 37. Bd1 Qb4 38. Qxb4 axb4 39. Bxg4 hxg4 40. Ra4 Rb7 41. Kf1 Kf6 42. Ke2 Kf5 43.
Kd3 Rb6 44. Ra5 Kf6 45. e4 dxe4+ 46. Kxe4 Rc6 47. Rb5 Rc2 48. Rxb4 Rxf2 49. d5 exd5+ 50. Kxd5 Kf5 51. Kd6 Rf3 52. Ke7 Rxg3 53. Kxf7 Rh3 54. Rb5+ Kf4 55. Rg5 Rxb3 56. Rxg6 Rh3 57. Rh6 g3 58. h5 Kg5 59. Rh8 Rxh5 60. Rg8+ Kh4 61. Kf6 Kh3 62. Kg6 Ra5 63. Kf6 g2 64. Rh8+ Kg3 65.
Rg8+ Kf2 0-1

[Event "Early-Titled-Tuesday-Blitz-January-30-2024"]
[Site "Chess.com"]
[Date "2024.01.30"]
[Round "11"]
[White "mbojan"]
[Black "Karttunen"]
[Result "0-1"]
[WhiteElo "2850"]
[BlackElo "2651"]
[TimeControl "180+1"]
[EndTime "10:13:28 PST"]
[Termination "Karttunen won on time"]

1. e4 c5 2. Nf3 d6 3. d4 cxd4 4.
Nxd4 Nf6 5. Nc3 a6 6. Bg5 Nbd7 7. Qe2 e6 8. O-O-O Be7 9. f4 Qc7 10. g4 b5 11. a3 Bb7 12. Bxf6 Nxf6 13. g5 Nd7 14. h4 g6 15. h5 Rg8 16. hxg6 hxg6 17. Rh7 Rb8 18. f5 Nf8 19. Rh3 Bxg5+ 20. Kb1 e5 21. Ndxb5 axb5 22. Nxb5 Qb6 23. Nxd6+ Ke7 24.
Rb3 Qc7 25. fxg6 Rxg6 26. Nf5+ Kf6 27. Rd6+ Ne6 28. Rdb6 Bxe4 29. Rxb8 Bxf5 30. R8b7 Qc5 31. Qc4 Qg1 32. Ka2 Be3 33. Bd3 Rg4 34. Qc6 e4 35.
Bc4 Qc1 36. Qe8 Rg7 37. Bd5 Bd4 38. c3 Be5 39. Qe7+ Kg6 40. Bxe6 Bxe6 41. Qc5 Bxb3+ 42.
Rxb3 f6 43. Qd5 Qf4 44. Rb4 Kf5 45. Qc6 Qf3 46. Qc8+ Kf4 47. a4 Rg1 48. a5 Qd1 49. Qh8 Qa1+ 50. Kb3 Qxa5 51. Qh2+ Rg3 52. Qh4+ Rg4 53.
Qh6+ Kf5 54. Qh7+ Ke6 55. Qh8 Rg5 56. Qe8+ Kf5 57. Qd7+ Kf4 58. Qd2+ Kf3 59. Qd1+ Kg3 60. Qe1+ Kh3 61. Rxe4 Qb5+ 62. Rb4 Qd5+ 63. Kc2 Qg2+ 64. Kb3 Qg3 0-1

[Event "Early-Titled-Tuesday-Blitz-January-30-2024"]
[Site "Chess.com"]
[Date "2024.01.30"]
[Round "11"]
[White "Boundless_Strike"]
[Black "LeoLV10"]
[Result "1-0"]
[WhiteElo "2636"]
[BlackElo "2475"]
[TimeControl "180+1"]
[EndTime "10:13:32 PST"]
[Termination "Boundless_Strike won by resignation"]

1. d4 Nf6 2. f3 d5 3. e4 dxe4 4. Nc3 exf3 5. Nxf3 c6 6. Bc4 e6 7. O-O Be7 8. Qe1 Nbd7 9. Bd3 Nb6 10. Qg3 g6 11.
Bg5 Nh5 12. Qh4 h6 13. Bxe7 Qxe7 14. Qxe7+ Kxe7 15. Ne5 Rh7 16. Nxg6+ fxg6 17. Bxg6 Rg7 18. Bxh5 Bd7 19. Rae1 Rag8 20. g3 Nc4 21. Ne4 Rf8 22.
Rxf8 Kxf8 23. b3 Na3 24. c4 Nc2 25. Rd1 Ke7 26. Kf2 Nb4 27. a3 Na6 28. b4 Nc7 29. Re1 b6 30. Nd2 Be8 31. Bf3 Kd7 32. h4 Bg6 33.
Re5 Rf7 34. Ke3 Bc2 35. Ne4 Rg7 36. g4 Bxe4 37. Kxe4 Ne8 38. Ke3 Nd6 39. Kf4 Nxc4 40. Re1 Nd6 41. Rc1 Rf7+ 42. Ke3 Ke7 43. Rxc6 Nb5 44.
a4 Rxf3+ 45. Ke4 Rg3 46. axb5 Rxg4+ 47. Ke5 Rxh4 48. Rxe6+ Kd8 49. Rg6 Rh5+ 50. Ke6 Rxb5 51. d5 Rxb4 52. Rg8+ Kc7 53. d6+ Kc6 54. Rc8+ Kb7 55.
d7 Rd4 56. d8=Q Rxd8 57. Rxd8 a5 58. Kd5 h5 59. Rh8 Ka6 60. Rxh5 Kb5 61. Kd4+ Kb4 62. Kd3 Kb3 63. Rb5+ Ka3 64. Rxb6 a4 65. Kc2 Ka2 66.
Rb4 a3 67. Ra4 1-0

[Event "Early-Titled-Tuesday-Blitz-January-30-2024"]
[Site "Chess.com"]
[Date "2024.01.30"]
[Round "11"]
[White "Msb2"]
[Black "alexrustemov"]
[Result "1-0"]
[WhiteElo "3001"]
[BlackElo "2773"]
[TimeControl "180+1"]
[EndTime "10:13:34 PST"]
[Termination "Msb2 won on time"]

1. d4 d5 2. c4 e6 3. Nc3 Be7 4. cxd5 exd5 5. Bf4 Nf6 6. e3 O-O 7.
Bd3 c6 8. h3 Nbd7 9. Nf3 Re8 10. Qc2 Nf8 11. O-O Ng6 12. Bg3 Bd6 13. Bxd6 Qxd6 14. Rab1 a5 15. a3 Qe7 16. Nd2 Nh4 17. Rfe1 g6 18. e4 dxe4 19. Ndxe4 Bf5 20. Qd2 Nxe4 21.
Bxe4 Qf6 22. Qf4 Kg7 23. Rbd1 Bxe4 24. Qxf6+ Kxf6 25. Nxe4+ Kg7 26. Nc5 Rxe1+ 27. Rxe1 b6 28. Nd7 Rd8 29. Nxb6 Rxd4 30. Rc1 Nf5 31. g3 Rd2 32.
Nc4 Rd5 33. Rc3 Nd6 34. Nxd6 Rxd6 35. Rc5 Rd2 36. Rxc6 Rxb2 37. Rc5 a4 38. Rc4 h5 39.
Rxa4 Ra2 40. Kg2 Kf6 41. h4 Kg7 42. Ra6 Kg8 43. a4 Kg7 44. a5 Kg8 45. Ra8+ Kg7 46. a6 Kf6 47. Kf3 Kf5 48. Ra7 Kf6 49. Ke3 Ke6 50. Ra8 Kf6 51. f3 Ra3+ 52. Ke4 Kg7 53. Kd5 Rxf3 54. Rb8 Ra3 55. Rb6 Rxg3 56. Kc6 Ra3 57.
Kb7 f6 58. a7 Rxa7+ 59. Kxa7 g5 60. Kb7 Kg6 61. Kc6 Kf5 62. Kd5 gxh4 63. Kd4 Kg4 64. Ke3 Kg3 65. Rxf6 h3 66. Rg6+ Kh2 67. Kf2 h4 68. Rg4 Kh1 69. Kf3 h2 70. Ra4 1-0

[Event "Early-Titled-Tuesday-Blitz-January-30-2024"]
[Site "Chess.com"]
[Date "2024.01.30"]
[Round "11"]
[White "MightyGMpretender"]
[Black "emeli_chess"]
[Result "0-1"]
[WhiteElo "2768"]
[BlackElo "2482"]
[TimeControl "180+1"]
[EndTime "10:13:34 PST"]
[Termination "emeli_chess won by resignation"]

1. e4 e5 2. Nf3 Nc6 3. Bb5 a6 4. Ba4 Nf6 5. Nc3 b5 6. Bb3 Be7 7. O-O O-O 8. d3 d6 9. Ne2 Na5 10. Ng3 Nxb3 11. axb3 Bb7 12. Nf5 Re8 13. Bg5 Bf8 14.
h3 h6 15. Bh4 g6 16. Ne3 Be7 17. c4 Nh5 18. Bxe7 Qxe7 19. g3 Ng7 20. Nh4 Ne6 21. Qg4 Kh7 22. f4 Nd4 23. fxe5 dxe5 24. Rf2 Bc8 25.
Qd1 Be6 26. Kh2 c6 27. Qf1 Nxb3 28. Rd1 Nd4 29. Qg2 a5 30. Nf3 Nxf3+ 31. Qxf3 Kg7 32. Rdf1 Ra7 33. Nf5+ Bxf5 34. exf5 Qf6 35. Qe4 g5 36. h4 a4 37. hxg5 hxg5 38. Kg2 Rh8 39. Re1 b4 40. Qxe5 Qxe5 41. Rxe5 a3 42. bxa3 bxa3 43. Ra2 Rb8 44. Ree2 Rb3 45. Red2 Rab7 46. Kf3 Kf6 47. Ke3 Kxf5 48. Kd4 Kg4 49. Kc5 Kxg3 50. d4 f5 51. Kxc6 f4 52. d5 f3 53. d6 Rb2 54. d7 Rxd7 55. Rdxb2 axb2 56. Rxb2 f2 57. Rb1 Re7 58. c5 Re1 59. Rb3+ Kg2 60. Rb2 Kg1 61. Kd5 f1=Q 62. Rb4 Rc1 63. Rd4 Qf2 64.
c6 Rxc6 65. Rg4+ Qg2+ 66. Rxg2+ Kxg2 67. Kxc6 g4 68. Kd5 g3 69. Ke4 Kf2 70. Kf4 g2 0-1

[Event "Early-Titled-Tuesday-Blitz-January-30-2024"]
[Site "Chess.com"]
[Date "2024.01.30"]
[Round "11"]
[White "alekroth65"]
[Black "OneTrickPony_82"]
[Result "1/2-1/2"]
[WhiteElo "2372"]
[BlackElo "2498"]
[TimeControl "180+1"]
[EndTime "10:13:37 PST"]
[Termination "Game drawn - timeout vs insufficient material"]

1. d4 Nf6 2. c4 e6 3. Nf3 d5 4.
Bg5 Be7 5. e3 Nbd7 6. Nc3 h6 7.
Bh4 O-O 8. Bd3 c5 9. cxd5 Nxd5 10. Bxe7 Nxe7 11. O-O b6 12. Be4 Rb8 13. Nb5 Nf6 14.
Bd3 a6 15. Nc3 cxd4 16. Nxd4 Bb7 17. Be2 Qc7 18. Rc1 Qe5 19. Bf3 Rfd8 20. Bxb7 Rxb7 21. Qf3 Nfd5 22. Nxd5 Qxd5 23. Qxd5 Nxd5 24. a3 Nf6 25. Rc6 g6 26. h3 Kg7 27. Rfc1 Rdd7 28. Kf1 Ne4 29.
Ke2 g5 30. Rc8 b5 31. R1c6 a5 32. Ra8 a4 33. Rcc8 b4 34. Rg8+ Kf6 35. Rh8 bxa3 36. bxa3 Rb2+ 37. Kf3 Nd2+ 38. Kg4 Ne4 39. Rxh6+ Kg7 40.
Rah8 f5+ 41. Nxf5+ exf5+ 42. Kxf5 Nd6+ 43. Ke6 Rbb7 44. R8h7+ Kg8 45. Rxd7 Rxd7 46. Kxd7 Nc4 47. Rg6+ Kf7 48. Rxg5 Nxa3 49. Rf5+ Kg6 50. Ra5 Nc4 51. Rxa4 Nb6+ 52. Ke6 Nxa4 53. f4 Nc3 54. g4 Ne4 55.
f5+ Kg5 56. Ke5 Nc5 57. e4 Nd7+ 58. Kd6 Nf8 59. e5 Kh6 60. e6 Nh7 61. e7 Nf6 62. Ke6 Kg5 63. Kf7 Nd5 64. e8=Q Nf4 65. Qg8+ Kh4 66.
Qh7+ Kg3 67. Qh6 Nd5 68. Qd2 Kf3 69. Qd3+ Ne3 1/2-1/2

[Event "Early-Titled-Tuesday-Blitz-January-30-2024"]
[Site "Chess.com"]
[Date "2024.01.30"]
[Round "11"]
[White "Glidzhian_Gor"]
[Black "LornerAcosta"]
[Result "1-0"]
[WhiteElo "2570"]
[BlackElo "2417"]
[TimeControl "180+1"]
[EndTime "10:13:38 PST"]
[Termination "Glidzhian_Gor won by resignation"]

1. e4 c5 2. d4 cxd4 3. c3 d3 4.
Bxd3 Nc6 5. Nf3 d6 6. Bc4 e6 7. O-O Be7 8. Bf4 Qc7 9. a4 Nf6 10. Nbd2 O-O 11. Qe2 Nd7 12. Rfd1 b6 13. Ba2 Nde5 14. Nxe5 Nxe5 15. Nf3 Bb7 16. Nd4 a6 17. h3 Bf6 18. Bg3 Ng6 19. Rd2 Be5 20. Bxe5 dxe5 21. Nf3 Bc6 22. Bb3 Rad8 23. Rad1 Rxd2 24. Rxd2 a5 25.
g3 h6 26. h4 Ne7 27. Bc2 Bb7 28. Qb5 Nc6 29. Qd3 Rd8 30. Qe2 Rxd2 31. Qxd2 Kf8 32. b4 Ke7 33. Kh2 Nb8 34. Bd3 Bc6 35.
Qc2 Nd7 36. Qb3 Qd6 37. Bc2 g6 38. Qc4 Bb7 39. Qb5 Qc6 40. Qxc6 Bxc6 41. Kg2 f5 42.
Nd2 axb4 43. cxb4 b5 44. a5 Nb8 45. f3 Na6 46. Bb3 Nxb4 47. Kf2 Nd3+ 48. Ke3 Nc5 49. Bc2 Kf6 50. g4 fxg4 51. fxg4 g5 52. h5 Ke7 53. Nf3 Kf6 54. Nd2 Bb7 55. Nf3 Nd7 56. Bd3 Ba6 57. Nd2 Nc5 58. Be2 Ke7 59. Nf3 Kf6 60. Nd2 b4 61. Bxa6 Nxa6 62. Nb3 Ke7 63. Kd3 Kd6 64.
Kc4 Kc6 65. Nc1 Nc5 66. Kxb4 Nxe4 67. Nd3 Kd5 68. a6 Kc6 69. a7 Kb7 70. Nxe5 Nf6 71.
Kc5 Ne4+ 72. Kd4 Nf6 73. Kc5 Ne4+ 74. Kb5 Kxa7 75. Kc6 Ka6 76. Kd7 Kb5 77. Kxe6 Kc5 78. Kf5 Kd4 79. Nf7 Kd5 80. Nxh6 Kd4 81. Nf7 Ng3+ 82. Kxg5 Ke4 83. h6 1-0

[Event "Early-Titled-Tuesday-Blitz-January-30-2024"]
[Site "Chess.com"]
[Date "2024.01.30"]
[Round "11"]
[White "BogdanDeac"]
[Black "Sam_ChessMood"]
[Result "0-1"]
[WhiteElo "3068"]
[BlackElo "2924"]
[TimeControl "180+1"]
[EndTime "10:13:41 PST"]
[Termination "Sam_ChessMood won on time"]

1. d4 Nf6 2. c4 e6 3. Nf3 d5 4. g3 dxc4 5. Bg2 a6 6. O-O Nc6 7. Nbd2 b5 8. b3 c3 9. Nb1 b4 10. a3 Rb8 11. axb4 Bxb4 12. Qd3 e5 13. Nxc3 O-O 14.
Bb2 exd4 15. Ne4 Bf5 16. Nxd4 Nxd4 17. Bxd4 Nxe4 18. Bxe4 Bxe4 19. Qxe4 Re8 20. Qg4 Bf8 21. Be3 Rxb3 22. Rxa6 Qd5 23. Qa4 Reb8 24. Qc6 Qh5 25.
Ra2 Bd6 26. Kg2 h6 27. Rc2 Qf5 28. Rfc1 h5 29. Qf3 Qg6 30. Rc4 Re8 31. Rh4 Rb5 32.
Qc6 Rbe5 33. Rhc4 Rxe3 34. fxe3 Rxe3 35. R1c2 Kh7 36. Qd5 Re5 37. Qd3 Qxd3 38. exd3 g6 39. Rf4 f5 40. Rfc4 Re3 41. Rd4 Kh6 42. Kf2 Re5 43. Rdc4 Ra5 44. Re2 Kg5 45. Kf3 Ra1 46.
Rd2 Rf1+ 47. Rf2 Rd1 48. Ke2 Ra1 49. Kf3 Kf6 50. Re2 Ra3 51. Ke3 Ra1 52. Rec2 g5 53.
Kf3 g4+ 54. Kg2 h4 55. gxh4 f4 56. Re4 Kf5 57. Rd2 f3+ 58. Kf2 Bc5+ 59. d4 Kxe4 60. dxc5 Rh1 61. Kg3 Rg1+ 62. Kf2 Rh1 63. Kg3 Rg1+ 64.
Kf2 Rg2+ 65. Ke1 Ke3 0-1

[Event "Early-Titled-Tuesday-Blitz-January-30-2024"]
[Site "Chess.com"]
[Date "2024.01.30"]
[Round "11"]
[White "shimastream"]
[Black "Imagine_Drag0n"]
[Result "1-0"]
[WhiteElo "3000"]
[BlackElo "2767"]
[TimeControl "180+1"]
[EndTime "10:13:43 PST"]
[Termination "shimastream won by resignation"]

1. d4 Nf6 2. c4 e6 3. Bf4 d5 4. cxd5 exd5 5. Nc3 Bd6 6. Bxd6 Qxd6 7. e3 c6 8. Bd3 O-O 9. Nge2 Nbd7 10. Qd2 Re8 11.
f3 Qe7 12. Kf2 c5 13. Rhe1 Nf8 14. Rad1 Ng6 15. Bxg6 hxg6 16. dxc5 Qxc5 17. Qd4 Qe7 18. Nf4 Be6 19. Kg1 b6 20. Qd2 Rad8 21. Nb5 Bc8 22. Nd4 Qd6 23. Rc1 Bd7 24. h4 Qe5 25. Rc3 g5 26. hxg5 Qxg5 27. Rc7 a5 28. Rb7 Rb8 29.
Rxb8 Rxb8 30. Rc1 Re8 31. Nde2 Qe5 32. Kf2 g5 33. Nd3 Qf5 34. Kg1 Bb5 35. Rc3 Bxd3 36. Rxd3 g4 37. Nd4 Qh5 38. Rc3 g3 39. Ne2 Qh2+ 40.
Kf1 Qh1+ 41. Ng1 Qh5 42. Qd4 Qf5 43. Rd3 Re6 44. Ne2 Re4 45. Qc3 Rc4 46. Qd2 Qh5 47.
Nxg3 Qh2 48. Kf2 Qh4 49. Rd4 Qg5 50. Rxc4 dxc4 51. Qd8+ Kg7 52. Qd4 b5 53. Ne4 Qh4+ 54. Ke2 b4 55. Qxf6+ Qxf6 56. Nxf6 Kxf6 57. e4 Ke5 58. Ke3 a4 59. f4+ Kd6 60. Kd2 Kc5 61. Kc2 Kd4 62. e5 Ke4 63. g3 Kf5 64. a3 c3 65.
bxc3 b3+ 66. Kb2 Ke4 67. c4 Kd4 68. g4 Kxc4 69. e6 fxe6 70. g5 e5 71. g6 Kd5 72.
g7 exf4 73. g8=Q+ Ke4 74. Qc4+ 1-0

[Event "Early-Titled-Tuesday-Blitz-January-30-2024"]
[Site "Chess.com"]
[Date "2024.01.30"]
[Round "11"]
[White "wannabe2700"]
[Black "wonderfultime"]
[Result "0-1"]
[WhiteElo "2678"]
[BlackElo "3018"]
[TimeControl "180+1"]
[EndTime "10:13:46 PST"]
[Termination "wonderfultime won by checkmate"]

1. b3 d5 2. Bb2 c6 3. Nf3 Bf5 4. g3 e6 5. Bg2 Nf6 6. O-O h6 7.
d3 Be7 8. Nbd2 Bh7 9. Re1 O-O 10.
e4 a5 11. a3 Na6 12. Ne5 Nc5 13. Ng4 Re8 14. h4 Nxg4 15. Qxg4 Bf6 16. Bxf6 Qxf6 17.
e5 Qe7 18. Nf3 Nd7 19. Qf4 Qc5 20. Re2 Qc3 21. Ra2 b5 22. g4 a4 23. b4 c5 24.
bxc5 Qxc5 25. Qd4 Qc7 26. Re1 Rec8 27. Rb1 Rab8 28. Rab2 Qc6 29. Bf1 Nf8 30. Be2 Ng6 31.
Bd1 Qe8 32. Rb4 Ne7 33. Qf4 d4 34. Qxd4 Nc6 35. Qf4 Nxb4 36. Qxb4 Qc6 37. Kh2 Qc3 38. Kg3 Qxb4 39. axb4 f6 40. Kf4 g5+ 41. Ke3 Kg7 42.
exf6+ Kxf6 43. hxg5+ hxg5 44. Nd2 e5 45. Ra1 Rc3 46. Ra2 Rd8 47. Bf3 Rd4 48. Be4 Bg8 49.
Ra1 Rxb4 50. Rc1 a3 51. Bf3 a2 52. Ne4+ Rxe4+ 53. Bxe4 Rxc2 54. Ra1 b4 55. d4 Rc3+ 56. Kd2 exd4 57. Bc2 b3 58. Bxb3 Bxb3 59. Re1 Bc4 60. Ra1 Bd5 61. Re1 Rb3 62. Ra1 Rb2+ 63. Kd3 Rb1 64. Rxa2 Bxa2 65. Kxd4 Rb4+ 66. Ke3 Rxg4 67.
Kf3 Rf4+ 68. Kg3 Kf5 69. Kg2 Bd5+ 70. Kg3 Rf3+ 71. Kh2 Rxf2+ 72. Kh3 Rf3+ 73. Kh2 g4 74. Kg1 Kf4 75. Kh2 Be6 76. Kh1 Kg3 77. Kg1 Rf4 78.
Kh1 Rf1# 0-1

[Event "Early-Titled-Tuesday-Blitz-January-30-2024"]
[Site "Chess.com"]
[Date "2024.01.30"]
[Round "11"]
[White "secretsuperstar7"]
[Black "NastyaHn"]
[Result "1/2-1/2"]
[WhiteElo "2509"]
[BlackElo "2391"]
[TimeControl "180+1"]
[EndTime "10:13:49 PST"]
[Termination "Game drawn by repetition"]

1. c4 c6 2. Nc3 d5 3. e3 Nf6 4.
Nf3 Bg4 5. b3 e6 6. Be2 Nbd7 7.
O-O Bd6 8. d4 Bxf3 9. Bxf3 O-O 10.
e4 dxe4 11. Nxe4 Nxe4 12. Bxe4 Bxh2+ 13. Kxh2 Qh4+ 14. Kg1 Qxe4 15. Re1 Qf5 16. Re3 Nf6 17. Rg3 Kh8 18. Be3 Rfd8 19. Qe2 e5 20. Rg5 Qd7 21. dxe5 Ne4 22. Rg4 Nc3 23. Qf3 b5 24. Bh6 Rg8 25. Bxg7+ Rxg7 26. Rxg7 Kxg7 27. Qxc3 Qe6 28. Rd1 bxc4 29.
bxc4 Re8 30. f4 Kg8 31. Rd6 Qg4 32. Qe3 Rb8 33. Qf2 Rb1+ 34. Kh2 Qh5+ 35. Kg3 Rc1 36. Qf3 Qxf3+ 37. Kxf3 Rxc4 38. g4 a5 39. Rd7 a4 40. Ra7 Kf8 41. Kg3 Kg8 42. Kh4 Rxf4 43. Kg5 Rf2 44. Rxa4 Kg7 45. Ra7 h6+ 46. Kh4 Kg6 47.
Ra6 Rc2 48. a4 Kg7 49. Kg3 c5 50. a5 c4 51. Rc6 Ra2 52. Rxc4 Rxa5 53. Kf4 Ra1 54.
Rc7 Rf1+ 55. Ke4 Kg6 56. Rc6+ Kg5 57. Rc8 Kxg4 58. Rg8+ Kh5 59. Kd5 Kh4 60. Ke4 h5 61.
Kd5 Kh3 62. Rf8 Rd1+ 63. Ke4 Re1+ 64. Kd4 Rd1+ 65. Ke4 Rd7 66. Kf4 h4 67. Rh8 Rd4+ 68. Kg5 Re4 69. Kf5 Re1 70. Kf6 Rf1+ 71. Kg5 Rg1+ 72. Kf5 Rf1+ 73. Kg5 Rg1+ 74. Kf6 Rf1+ 75.
Kg5 1/2-1/2

[Event "Early-Titled-Tuesday-Blitz-January-30-2024"]
[Site "Chess.com"]
[Date "2024.01.30"]
[Round "11"]
[White "sjoerd893"]
[Black "kekic76"]
[Result "1/2-1/2"]
[WhiteElo "2507"]
[BlackElo "2373"]
[TimeControl "180+1"]
[EndTime "10:13:49 PST"]
[Termination "Game drawn - insufficient material"]

1. e4 e6 2. d4 d5 3. Nc3 Bb4 4. e5 Qd7 5. Qg4 Bf8 6. Nf3 b6 7. Bd3 Ba6 8. Bxa6 Nxa6 9. O-O Nb4 10. Ne1 h5 11. Qf3 c5 12. Be3 Nc6 13. Rd1 cxd4 14. Bxd4 Nxd4 15. Rxd4 Nh6 16. Qxh5 Rc8 17. Nd3 g6 18. Qf3 Nf5 19. Rf4 Bh6 20. Rg4 Bd2 21.
Nf4 Bxc3 22. bxc3 Rc4 23. Ne2 Rxg4 24. Qxg4 Rh4 25. Qf3 Qa4 26. h3 Re4 27. g4 Nh4 28.
Qd3 Qxa2 29. Ng3 Rc4 30. f4 Qa3 31. Ne2 Re4 32. Nd4 Qc5 33. Qg3 g5 34. fxg5 Ng6 35.
Qf2 Nxe5 36. g6 fxg6 37. Nxe6 Qxf2+ 38. Rxf2 Kd7 39. Ng5 Re3 40. Kg2 Rxc3 41. Re2 Nc4 42. Nf3 Ne3+ 43. Kf2 Nxc2 44. Ne5+ Kd6 45. Nxg6 a5 46.
h4 a4 47. Nf4 a3 48. Rd2 Nb4 49. h5 a2 50. Rd1 Nc2 51. Nxd5 Rc5 52. Nb4+ Kc7 53.
Nxc2 Rxc2+ 54. Ke3 b5 55. h6 b4 56. Kd3 b3 57. h7 Rh2 58. Kc3 b2 59. h8=Q Rxh8 60. Kxb2 Rh2+ 61. Ka1 Rg2 62. Rd4 Kc6 63. Rf4 Kc5 64.
Ra4 Kb5 65. Rf4 Kc5 66. g5 Rxg5 67. Kxa2 Rd5 68. Kb3 Rd4 69. Rf5+ Rd5 70. Rf8 Kd6 71. Kc4 Rc5+ 72. Kd4 Rd5+ 73. Ke4 Re5+ 74. Kf4 Rd5 75. Ra8 Rc5 76. Rd8+ Kc6 77. Rc8+ Kb5 78. Rxc5+ Kxc5 1/2-1/2

[Event "Early-Titled-Tuesday-Blitz-January-30-2024"]
[Site "Chess.com"]
[Date "2024.01.30"]
[Round "11"]
[White "JoachimBN"]
[Black "hasagoodchesser"]
[Result "1-0"]
[WhiteElo "2619"]
[BlackElo "2725"]
[TimeControl "180+1"]
[EndTime "10:13:55 PST"]
[Termination "JoachimBN won on time"]

1. d4 Nf6 2. c4 c6 3. Nc3 d5 4.
cxd5 cxd5 5. Bf4 Nc6 6. e3 e6 7.
Bd3 Bd6 8. Bxd6 Qxd6 9. f4 O-O 10.
Nf3 Bd7 11. O-O Rfc8 12. Ne5 Be8 13. Rc1 Na5 14. Qe2 Rc7 15. g4 a6 16. g5 Nd7 17.
Rf3 Nf8 18. Rh3 f5 19. gxf6 gxf6 20. Rg3+ Rg7 21. Rxg7+ Kxg7 22. Qg4+ Kh8 23. Nf3 Bg6 24. Bxg6 Nxg6 25. Kh1 Rg8 26. Rg1 Ne7 27. Qh4 Rxg1+ 28.
Kxg1 Ng8 29. Nd2 Qe7 30. a3 b5 31. b4 Nc4 32. Nxc4 bxc4 33. Kf2 a5 34. bxa5 Qxa3 35.
Ne2 Qxa5 36. f5 exf5 37. Qf4 Ne7 38. Qd6 Ng8 39. Qe6 Qb5 40. Qxf5 Qc6 41. Nc3 Ne7 42. Qg4 Qd6 43. Qf3 Qe6 44. Qg2 Qf5+ 45. Qf3 Qc2+ 46.
Ne2 Qf5 47. Qxf5 Nxf5 48. Kf3 Ne7 49. Nc3 Kg7 50. e4 Kf7 51. exd5 Ke8 52. Ke4 Kd7 53.
Nb5 f5+ 54. Ke5 Nc8 55. d6 Nb6 56. Kxf5 Na4 57. Ke4 Nb6 58. d5 Na4 59. Kd4 c3 60. Nxc3 Nb6 61. Ne4 Nc8 62. Ke5 Nb6 63. Nf6+ Kd8 64.
Ke6 Nc4 65. d7 Ne3 66. Nxh7 Ng4 67. h4 Nh2 68. Nf6 Nf3 69. h5 Ng5+ 70. Kf5 Nf7 71. Kg6 Ne5+ 72. Kg7 Ke7 73. h6 Nf3 74. h7 Nh4 75.
h8=Q Nf5+ 76. Kg6 Nh4+ 77. Qxh4 Kd6 78. d8=Q+ 1-0

[Event "Early-Titled-Tuesday-Blitz-January-30-2024"]
[Site "Chess.com"]
[Date "2024.01.30"]
[Round "11"]
[White "Yushko_Olga"]
[Black "Yurasova_Daria"]
[Result "0-1"]
[WhiteElo "2185"]
[BlackElo "2435"]
[TimeControl "180+1"]
[EndTime "10:13:56 PST"]
[Termination "Yurasova_Daria won by resignation"]

1. d4 d5 2. c4 dxc4 3. Nf3 Nf6 4. Nc3 c6 5. a4 e6 6. e3 c5 7. Bxc4 Nc6 8. O-O Be7 9. b3 cxd4 10. exd4 O-O 11. h3 Nb4 12. Ba3 Bd7 13. Ne5 Bc6 14. Nxc6 bxc6 15. Rc1 Nfd5 16. Ne4 a5 17. Nc5 Bf6 18.
Qd2 Bg5 19. Qe2 Bxc1 20. Rxc1 Qg5 21. Ne4 Qg6 22. Qf3 Rfd8 23. Be2 Qh6 24. Bb2 Qf4 25. Nc5 Qxf3 26. Bxf3 Nf4 27. Rd1 Nbd5 28. Kh2 Ng6 29. g3 Nge7 30. Rc1 Rab8 31. Rc2 h6 32. Re2 Nf5 33. g4 Nfe7 34. Bg2 Nf4 35. Rc2 Nxg2 36. Kxg2 Nd5 37. Kf3 Nf6 38. Ke3 Nd7 39. Rc3 Nxc5 40. dxc5 Rd1 41. Bc1 Rh1 42. Ke4 Rd8 43.
Be3 Rxh3 44. Ke5 Rh1 45. Ke4 Rd5 46. Rc4 Rh4 47. Kf3 f5 48. Bf4 Rxg4 49. Rc3 Rd4 50. Bd6 Rd5 51. b4 Rxb4 52. Re3 Kf7 53. Rc3 Rxa4 54. Rb3 Rb4 55. Ra3 a4 56. Ra2 Rb3+ 57.
Kg2 a3 58. Re2 Rdd3 59. Re1 Rb2 60. Rh1 a2 61. Ra1 Rdd2 62. Be5 Rb1 63. Kf3 Rxa1 64. Bxa1 Rd1 65. Bb2 a1=Q 0-1

[Event "Early-Titled-Tuesday-Blitz-January-30-2024"]
[Site "Chess.com"]
[Date "2024.01.30"]
[Round "11"]
[White "m_ezat"]
[Black "CaspiIsrael"]
[Result "0-1"]
[WhiteElo "2479"]
[BlackElo "2734"]
[TimeControl "180+1"]
[EndTime "10:14:03 PST"]
[Termination "CaspiIsrael won on time"]

1. d4 Nf6 2. Nf3 d5 3. e3 Bf5 4. c4 e6 5. Nc3 c6 6. Qb3 Qb6 7. Ne5 Nbd7 8. Nxd7 Nxd7 9. c5 Qxb3 10. axb3 a6 11.
b4 Rd8 12. f3 e5 13. Kf2 h5 14. Be2 h4 15. Rd1 Be7 16. b5 axb5 17. Ra7 Rb8 18. b4 Bf6 19. e4 dxe4 20. d5 exf3 21. gxf3 h3 22. Ne4 Bxe4 23. fxe4 Nf8 24. Bg4 Bd8 25. Bb2 f6 26. dxc6 bxc6 27. Rxg7 Rh7 28. Rxh7 Nxh7 29.
Bxh3 Rb7 30. Bf5 Ng5 31. h4 Nf7 32. h5 Be7 33. h6 Nxh6 34. Bg6+ Nf7 35. Rh1 Kf8 36.
Bc1 Ra7 37. Rh7 Ng5 38. Bxg5 fxg5 39. Kf3 Rc7 40. Rf7+ Kg8 41. Rf5 Kg7 42. Be8 Bf6 43.
Kg4 Rc8 44. Bd7 Rc7 45. Be6 Re7 46. Bb3 Rd7 47. Rf3 Rd4 48. Kf5 Rxb4 49. Be6 Rd4 50. Ra3 Ra4 51. Rd3 Ra7 52. Rd6 Rc7 53. Bd7 Be7 54.
Rg6+ Kf7 55. Bxc6 Bxc5 56. Bxb5 Be3 57. Bc6 Bf4 58. Bd5+ Ke7 59. Re6+ Kd7 60. Rf6 Kc8 61. Ke6 Kb8 62. Kd6 Rc8 63. Rf7 Rc1 64. Rf8+ Rc8 65.
Rf7 Rc1 66. Bc6 g4 67. Rb7+ Kc8 68. Rg7 Kb8 69. Rg8+ Ka7 70. Kc7 Rxc6+ 71. Kxc6 g3 72. Rf8 Ka6 73. Rg8 Ka5 74. Kc5 Ka4 75. Kc4 Ka3 76.
Kc3 Ka2 77. Kc2 Ka3 78. Kc3 Ka4 79. Rb8 Be3 0-1